Map: Berlingrad LE

Players

couchman

  • Race: Terran Terran

HORSES - Winner!

  • Race: Zerg Zerg

VOD

Have the link to the VOD?

Description

Time

  • Played on: Dec. 13, 2021, 5:19 a.m.
  • Length: 31:37
Show
View Real Time Build Order
Export as new Build Order

couchman Terran 

Build Orders:  

Get SALT Encoding   

  12  0:01  SCV  
  13  0:13  SCV  
  14  0:18  Supply Depot  
  14  0:25  SCV  
  15  0:39  SCV  
  16  0:45  Refinery  
  16  0:51  SCV  
  16  0:52  Barracks  
  17  1:04  SCV  
  18  1:16  SCV  
  19  1:20  Refinery  
  19  1:28  SCV  
  20  1:40  SCV  
  20  1:41  Engineering Bay  
  20  1:42  Supply Depot  
  21  1:52  SCV  
  22  1:57  Barracks Tech Lab  
  22  2:04  SCV  
  23  2:16  Terran Infantry Weapons Level 1  
  23  2:17  Combat Shield  
  23  2:26  Orbital Command  
  23  2:35  Factory  
  23  2:37  Marine  
  24  2:55  Marine, SCV  
  26  3:07  SCV  
  27  3:13  Marine  
  27  3:18  Command Center  
  28  3:25  Starport  
  28  3:27  Factory Tech Lab  
  28  3:30  Marine  
  29  3:39  Supply Depot  
  29  3:46  Stimpack  
  29  3:48  Marine  
  29  3:52  SCV  
  31  4:02  Supply Depot  
  31  4:05  SCV  
  33  4:17  SCV  
  33  4:25  Supply Depot  
  33  4:26  Starport Tech Lab  
  33  4:32  Bunker  
  33  4:34  Command Center  
  33  4:51  SCV  
  31  5:03  SCV  
  31  5:04  Marine  
  31  5:15  SCV  
  25  5:22  Marine  
  25  5:27  SCV  
  17  5:39  Marine, SCV  
  19  5:44  Cyclone  
  22  5:52  SCV  
  21  5:57  Marine  
  21  6:04  SCV  
  22  6:15  Marine  
  22  6:16  SCV, Cyclone  
  22  6:30  SCV  
  22  6:32  SCV  
  24  6:33  Marine  
  25  6:42  SCV  
  25  6:44  SCV  
  27  6:52  Bunker  
  28  6:54  SCV  
  28  6:56  SCV  
  29  7:04  Starport Tech Lab  
  29  7:07  Cyclone  
  32  7:08  SCV  
  32  7:10  Terran Infantry Armor Level 1  
  33  7:20  SCV  
  34  7:30  Planetary Fortress, Missile Turret  
  34  7:32  SCV  
  34  7:36  Refinery  
  35  7:39  Refinery, Cyclone  
  35  7:40  Marine  
  39  7:45  SCV  
  40  7:57  SCV  
  40  7:58  Marine  
  42  8:09  SCV  
  42  8:11  Cyclone  
  46  8:16  Marine  
  47  8:21  SCV  
  47  8:25  SCV  
  49  8:33  SCV  
  49  8:34  Marine  
  51  8:37  SCV  
  52  8:43  Cyclone  
  52  8:45  SCV  
  56  8:49  SCV  
  57  8:55  Fusion Core  
  57  8:58  SCV  
  58  9:03  SCV  
  59  9:10  SCV  
  59  9:15  SCV, Widow Mine  
  63  9:21  Marine  
  64  9:37  Widow Mine  
  66  9:38  Marine  
  67  9:51  Barracks  
  67  9:56  Marine  
  67  9:58  Widow Mine  
  70  10:11  Armory  
  70  10:41  Supply Depot, Neosteel Armor  
  70  11:02  Marine  
  70  11:04  Supply Depot  
  71  11:09  Terran Vehicle Weapons Level 1  
  71  11:17  Drilling Claws  
  71  11:20  Marine  
  71  11:21  Widow Mine  
  74  11:26  Supply Depot  
  74  11:27  Marine  
  75  11:38  Marine, Barracks  
  76  11:42  Widow Mine  
  76  11:45  Marine  
  79  11:49  Supply Depot  
  79  12:03  Marine  
  80  12:12  Supply Depot  
  80  12:35  Supply Depot  
  77  12:57  Supply Depot  
  77  13:00  Terran Infantry Weapons Level 2  
  77  13:17  Barracks Tech Lab  
  77  13:18  Barracks Tech Lab  
  77  13:19  Command Center  
  77  13:20  Supply Depot  
  77  13:47  Marauder  
  77  13:48  Marauder x2  
  83  14:09  Marauder x2  
  89  14:10  Marauder  
  89  14:29  Barracks x2  
  89  14:30  Marauder  
  89  14:31  Marauder x2  
  95  14:50  Barracks  
  95  14:52  Marauder x3  
  101  15:13  Marauder x2  
  107  15:14  Marauder  
  107  15:16  Terran Infantry Armor Level 2  
  107  15:20  Barracks x2  
  107  15:25  Barracks Tech Lab x2  
  107  15:34  Marauder  
  107  15:35  Marauder x2  
  113  15:56  Marauder x2  
  117  16:21  Barracks Tech Lab x2  
  117  16:26  Widow Mine  
  119  16:41  Terran Vehicle And Ship Armor Level 1  
  119  16:47  Widow Mine  
  119  16:50  Battlecruiser  
  127  17:09  Refinery, Widow Mine  
  127  17:12  Refinery  
  116  17:30  Widow Mine  
  116  17:32  Hi-Sec Auto Tracking  
  116  17:51  Thor  
  116  17:54  Battlecruiser  
  116  17:58  SCV  
  129  18:10  SCV  
  130  18:21  Bunker  
  130  18:22  SCV, Concussive Shells  
  130  18:25  Reaper x6  
  137  18:29  Terran Infantry Weapons Level 3  
  137  18:34  Reaper x2, Thor  
  145  18:49  Command Center  
  145  18:57  Reaper x4, Bunker  
  149  19:28  Bunker  
  149  19:30  Supply Depot  
  149  19:35  Supply Depot  
  149  19:38  Supply Depot  
  149  19:52  Reaper x8  
  157  19:53  Supply Depot  
  157  19:57  Battlecruiser, Supply Depot  
  163  20:01  Supply Depot  
  160  20:15  Supply Depot  
  160  20:19  Supply Depot  
  157  20:24  Reaper x8, Supply Depot  
  138  20:56  Reaper x7  
  138  21:01  Battlecruiser  
  144  21:06  Terran Infantry Armor Level 3  
  120  21:28  Reaper x2  
  124  21:47  Marauder x3  
  124  21:48  Marauder x2  
  132  22:01  Marauder x2  
  136  22:05  Battlecruiser  
  144  22:08  Marauder  
  144  22:09  Marauder x4  
  152  22:22  Marauder  
  109  24:49  Weapon Refit  
  84  25:34  Battlecruiser  
  84  25:38  Marine x2  
  84  25:39  Marine x2  
  88  26:38  Battlecruiser  
  94  26:50  Reaper x3  
  94  26:51  Reaper x4  
  94  26:54  Marine  
  101  26:55  Refinery  
  101  26:59  Bunker  
  102  27:07  Missile Turret  
  102  27:12  Marine  
  103  27:22  Marine x3, Reaper  
  105  27:23  Marine x3  
  105  27:29  Marine, Missile Turret  
  110  27:31  Widow Mine  
  110  27:33  Bunker  
  113  27:40  Marine  
  113  27:41  Refinery, Command Center  
  114  27:52  Widow Mine  
  94  28:38  Marine x6  
  76  29:07  SCV  
  77  29:18  SCV  
  77  29:20  SCV x2  
  80  29:30  SCV  
  81  29:32  SCV x2  
  83  29:42  SCV  
  83  29:44  SCV x2  
  86  29:46  Bunker  
  86  29:56  SCV  
  87  30:04  SCV  
  88  30:16  SCV  
  88  30:17  Bunker  
  89  30:28  SCV  
  90  30:29  Widow Mine  
  67  30:46  Bunker  
  54  30:51  Widow Mine  
  54  31:07  Marine  
Show
View Real Time Build Order
Export as new Build Order

HORSES Zerg - Winner!

Build Orders: Pool First 

Get SALT Encoding   

  12  0:01  Drone  
  13  0:25  Overlord x2  
  13  0:28  Drone  
  14  0:43  Drone  
  15  0:51  Drone  
  16  0:59  Spawning Pool  
  15  1:05  Drone  
  16  1:16  Hatchery  
  15  1:19  Drone  
  16  1:49  Drone x2  
  16  1:53  Drone  
  19  1:54  Queen  
  21  2:09  Extractor  
  21  2:12  Drone x2  
  21  2:14  Extractor  
  21  2:28  Drone  
  22  2:32  Zergling x2  
  23  2:46  Drone x2  
  23  2:47  Drone  
  23  2:49  Queen  
  28  2:58  Zergling x2  
  29  3:01  Zergling x4  
  31  3:17  Zergling x2  
  32  3:25  Zergling x6  
  35  3:28  Overlord  
  35  3:34  Lair  
  35  3:40  Drone  
  36  3:46  Queen  
  38  4:08  Metabolic Boost  
  38  4:31  Drone  
  38  4:32  Drone x5  
  38  4:35  Overlord x2  
  40  5:37  Zergling x2  
  40  5:38  Zergling x8  
  45  6:07  Zergling x4  
  45  6:32  Drone x3  
  48  6:33  Drone x5  
  48  6:36  Drone x2  
  54  6:47  Drone  
  55  7:00  Zergling x2  
  56  7:03  Zergling x2  
  56  7:06  Overlord  
  56  7:07  Overlord  
  57  7:19  Drone x2  
  59  7:26  Evolution Chamber  
  59  7:28  Drone  
  59  7:34  Extractor  
  59  7:37  Extractor  
  57  8:01  Infestation Pit  
  57  8:02  Drone  
  57  8:03  Drone  
  57  8:05  Drone x2  
  59  8:06  Drone  
  59  8:08  Drone x4  
  65  8:15  Zergling x2  
  66  8:21  Overlord x4  
  66  8:22  Hatchery  
  66  8:24  Zergling x6  
  68  8:38  Hive  
  68  8:40  Zerg Melee Weapons Level 1  
  68  8:49  Roach Warren  
  68  8:55  Evolution Chamber  
  66  8:56  Zergling x2  
  66  8:57  Zergling x6  
  66  8:59  Zergling x8  
  74  9:42  Zerg Ground Armor Level 1  
  74  9:43  Glial Reconstitution  
  78  9:45  Roach x2  
  78  9:46  Roach x5  
  78  9:49  Queen  
  90  9:55  Drone x2  
  92  10:03  Drone x7  
  92  10:04  Drone  
  100  10:15  Adrenal Glands  
  100  10:25  Queen  
  102  10:32  Queen  
  104  10:40  Hatchery  
  103  10:47  Extractor  
  103  10:48  Drone  
  103  10:49  Drone x2  
  105  10:53  Zerg Melee Weapons Level 2  
  105  11:00  Queen  
  107  11:08  Zergling x2  
  107  11:09  Zergling x12  
  114  11:14  Overlord  
  114  11:15  Overlord  
  114  11:19  Overlord x3  
  114  11:36  Queen  
  118  11:40  Roach x6  
  118  11:43  Roach x4  
  118  11:45  Drone x3  
  139  11:52  Drone  
  140  11:56  Drone x3  
  143  12:02  Zerg Ground Armor Level 2  
  100  12:45  Roach x6  
  112  12:52  Pneumatized Carapace  
  112  13:09  Zerg Missile Weapons Level 1  
  112  13:12  Drone x2  
  114  13:13  Drone x8  
  114  13:14  Drone x4  
  126  13:26  Spire  
  125  13:31  Spire, Roach x5  
  125  13:32  Roach  
  136  13:57  Extractor  
  135  14:07  Drone  
  135  14:08  Drone x2  
  138  14:10  Drone  
  138  14:11  Drone x2  
  138  14:14  Extractor  
  140  14:19  Extractor  
  139  14:36  Roach x8  
  139  14:37  Roach x2  
  159  14:40  Overlord x6  
  159  15:02  Zerg Ground Armor Level 3  
  159  15:03  Zerg Melee Weapons Level 3  
  159  15:08  Zerg Flyer Weapons Level 1  
  159  15:09  Zerg Flyer Armor Level 1  
  159  15:13  Mutalisk x4  
  159  15:14  Mutalisk x2  
  171  15:32  Mutalisk x2  
  171  15:33  Mutalisk  
  177  15:37  Mutalisk x2  
  177  15:38  Mutalisk  
  183  15:49  Drone x3  
  186  15:50  Drone x2  
  188  16:27  Zergling x14  
  188  16:30  Zergling x6  
  198  16:33  Zergling x2  
  111  17:39  Zerg Missile Weapons Level 2  
  111  17:41  Roach x2  
  111  17:42  Roach  
  117  17:46  Roach x4  
  125  18:09  Ultralisk Cavern  
  125  18:10  Drone x3  
  127  18:30  Zerg Flyer Weapons Level 2  
  127  18:32  Zerg Flyer Armor Level 2  
  127  18:41  Hydralisk Den  
  115  18:44  Ultralisk Cavern  
  114  18:50  Nydus Network  
  113  19:49  Hatchery  
  112  19:54  Chitinous Plating  
  112  19:55  Anabolic Synthesis  
  112  19:57  Muscular Augments  
  112  19:58  Zerg Missile Weapons Level 3  
  112  20:11  Ultralisk x3  
  112  20:14  Zergling x12  
  117  20:34  Roach x2  
  117  20:35  Roach x7  
  130  20:38  Ultralisk x7  
  130  20:39  Ultralisk x5  
  161  21:08  Grooved Spines  
  150  22:08  Mutalisk x5  
  150  22:09  Mutalisk x4  
  168  22:17  Hatchery  
  165  23:35  Zergling x8  
  165  23:36  Zergling x10  
  173  24:21  Roach x8  
  186  24:30  Corruptor x2  
  186  24:31  Corruptor  
  177  24:51  Corruptor x3  
  177  24:52  Corruptor x5  
  186  25:00  Extractor  
  186  25:03  Extractor  
  169  25:40  Drone x3  
  172  25:54  Hatchery  
  171  26:34  Roach  
  171  26:35  Roach x2  
  177  26:42  Spire  
  177  26:44  Spire  
  175  27:16  Spawning Pool  
  175  27:22  Drone x2  
  176  27:28  Roach x3  
  182  27:32  Roach x3  
  188  27:42  Queen  
  186  29:23  Ultralisk  
  186  29:24  Ultralisk  
  198  29:28  Roach  
Tags
 
Matchup
TvZ
Opening
Pool First
Replay Pack
re
Add a new tag
Caveats
  • Supply blocks, unpowered buildings, or Contaminate may cause inaccurate times.
  • Supply counts are checked every 10 seconds.